 Dungeon Crawl Stone Soup version 0.19-a0-739-gf2af308 (webtiles) character file.

116 Aksej the Grave Robber (level 4, -1/30 HPs)
             Began as a Demonspawn Necromancer on June 23, 2016.
             Slain by Ijyb
             ... wielding a +0 dagger
              (3 damage)
             ... on level 3 of the Dungeon.
             The game lasted 00:08:03 (2632 turns).

Aksej the Grave Robber (Demonspawn Necromancer)     Turns: 2632, Time: 00:08:04

Health: -1/30      AC:  2    Str:  8 (9)  XL:     4   Next: 70%
Magic:  2/8        EV: 12    Int: 14 (16) God:
Gold:   107        SH:  0    Dex: 13 (16) Spells: 3 memorised, 1 level left

rFire  . . .     SeeInvis .     (no weapon)
rCold  + . .     Gourm    .     a - +0 robe
rNeg   . . .     Faith    .     (no shield)
rPois  .         Spirit   .     (no helmet)
rElec  .         Dismiss  .     (no cloak)
rCorr  .         Reflect  .     (no gloves)
SustAt .         Harm     .     (no boots)
MR     .....                    (no amulet)
Stlth  ++........               (no ring)
                                e - ring of protection from cold

@: not resistant to hostile enchantments, unstealthy
A: claws 1, thin skeletal structure 1
a: no special abilities


You were on level 3 of the Dungeon.
You were hungry.

You visited 1 branch of the dungeon, and saw 3 of its levels.

You collected 107 gold pieces.

Inventory:

Armour
 a - a +0 robe (worn)
Jewellery
 e - a ring of protection from cold (left claw)
Books
 b - a book of Necromancy

   Spells                             Type                      Level
   a - Pain                           Necromancy                   1
   b - Animate Skeleton               Necromancy                   1
   c - Vampiric Draining              Necromancy                   3
   d - Regeneration                   Charms/Necromancy            3
   e - Animate Dead                   Necromancy                   4
   f - Control Undead                 Necromancy                   4
Comestibles
 c - a bread ration
 d - a chunk of flesh


   Skills:
 + Level 0.2 Fighting
 + Level 1.7 Dodging
 + Level 1.8 Stealth
 + Level 0.3 Unarmed Combat
 * Level 3.3 Spellcasting
 * Level 5.7 Necromancy


You had one spell level left.
You knew the following spells:

 Your Spells              Type           Power        Failure   Level  Hunger
a - Pain                  Necr           ###.         1%          1    #......
b - Regeneration          Chrm/Necr      ##........   21%         3    ###....
c - Animate Dead          Necr           N/A          21%         4    #####..


Dungeon Overview and Level Annotations

Branches:
Dungeon (3/15)

Altars:

Annotations:
D:3 Ijyb


Innate Abilities, Weirdness & Mutations

You have sharp fingernails.
You have a somewhat thin skeletal structure. (Dex +2, Stealth)


Message History

* * * LOW HITPOINT WARNING * * *
You barely miss the orc.
The orc is almost dead.
The orc barely misses you.
You scratch the orc.
You kill the orc!
The goblin throws a stone.
The stone barely misses you.
You barely miss Ijyb. You barely miss Ijyb. Ijyb closely misses you.
Casting: Pain
Confirm with . or Enter, or press ? or * to list all spells.
You don't have enough magic to cast that spell.
You closely miss Ijyb. Ijyb misses you.
You scratch Ijyb.
Ijyb is lightly wounded.
Ijyb completely misses you.
You scratch Ijyb but do no damage.
Ijyb is lightly wounded.
Ijyb hits you with a dagger.
You die...

. #. ###.## . .....
#.##....# ....#..## (
.###..##..# ...
###.......##.######...#
.%.. #.#.....gg@)....#
....###.#.#...g###..#..#
..............###..##
...$...##.........##
........#...........
.......o#..........
.....[g).......#.##
......(...(.......### .
.%......(......#....#.


You could see Ijyb and 2 goblins.

Vanquished Creatures
  5 adders
  A dart slug (D:2)
  A giant gecko (D:1)
  5 orcs (D:3)
  A ball python (D:2)
  4 giant cockroaches
  6 goblins
  7 hobgoblins
  6 jackals (D:2)
  8 kobolds
  2 quokkas (D:2)
  6 bats
  4 giant newts
  3 rats
59 creatures vanquished.

Notes
Turn   | Place    | Note
--------------------------------------------------------------
     0 | D:1      | Aksej the Demonspawn Necromancer began the quest for the Orb.
     0 | D:1      | Reached XP level 1. HP: 13/13 MP: 3/3
   290 | D:1      | Gained mutation: You have a somewhat thin skeletal structure. (Dex +2, Stealth) [demonic ancestry]
   290 | D:1      | Reached XP level 2. HP: 15/19 MP: 0/5
   726 | D:1      | Reached skill level 5 in Necromancy
  1351 | D:2      | Gained mutation: You have sharp fingernails. [demonic ancestry]
  1351 | D:2      | Reached XP level 3. HP: 19/24 MP: 1/6
  1776 | D:2      | Learned a level 3 spell: Regeneration
  2018 | D:2      | Reached XP level 4. HP: 27/30 MP: 4/8
  2317 | D:2      | Learned a level 4 spell: Animate Dead
  2575 | D:3      | Noticed Ijyb
  2625 | D:3      | HP: 1/30 [orc/whip (5)]
  2632 | D:3      | Slain by Ijyb

Vault maps used:
D:1:      dpeg_arrival_central, grunt_decor_cap
D:2:      minmay_misc_feat_room, serial_bayou_ford_a
D:3:      first_bread, uniq_iyjb

Skill      XL: |  1  2  3  4 |
---------------+-------------+-----
Necromancy     | 5 |  5.7
Spellcasting   | 3 |  3.3
Fighting       | |  0.2
Dodging        | |  1.7
Stealth        | |  1.8
Unarmed Combat | |  0.3

Action                   |  1- 3 |  4- 6 || total
-------------------------+-------+-------++-------
Melee: Unarmed           |    16 |    35 ||    51
 Cast: Pain              |    80 |    30 ||   110
       Animate Dead      |       |     1 ||     1
  Use: Scroll            |     4 |       ||     4
       Potion            |     1 |     3 ||     4
  Eat: Chunk             |     4 |     2 ||     6
Armor: Robe              |     4 |     4 ||     8
Dodge: Dodged            |    21 |    36 ||    57
